 Dungeon Crawl Stone Soup version 0.31-a0-1308-ga3cce3a448 (webtiles) character file.

Game seed: 14195056575539948120

3 bmb222 the Sneak (level 1, -1/18 HPs)
             Began as a Demonspawn Delver on Dec 19, 2023.
             Engulfed by a cloud of flame (19 damage)
             ... on level 4 of the Dungeon.
             The game lasted 00:00:47 (289 turns).

bmb222 the Sneak (Demonspawn Delver)                 Turns: 289, Time: 00:00:47

Health: -1/18      AC:  3    Str: 12    XL:     1   Next: 41%
Magic:  1/1        EV: 11    Int: 10    God:
Gold:   34         SH:  0    Dex: 14    Spells: 0/0 levels left

rFire   . . .        a - +0 short sword
rCold   . . .        (no shield)
rNeg    . . .        b - +0 leather armour
rPois   .            (no helmet)
rElec   .            (no cloak)
rCorr   .            (no gloves)
SInv    .            (no boots)
Will    .....        (no amulet)
Stlth   ++           (no ring)
HPRegen 0.23/turn    (no ring)
MPRegen 0.07/turn

%: no passive effects
@: no status effects
A: no striking features
a: no special abilities


You were on level 4 of the Dungeon.
You visited 1 branch of the dungeon, and saw 2 of its levels.

You collected 34 gold pieces.

Inventory:

Hand Weapons
 a - a +0 short sword (weapon)
Armour
 b - a +0 leather armour (worn)
Wands
 g - a wand of digging (2)
Scrolls
 c - a scroll of fog
 d - a scroll of amnesia {unknown}
Potions
 f - a potion of haste
 h - a potion of cancellation {unknown}


   Skills:
 + Level 3.0 Fighting
 + Level 1.8 Short Blades
 + Level 1.8 Dodging
 + Level 4.5 Stealth


You couldn't memorise any spells.
You didn't know any spells.
Your spell library was empty.

Dungeon Overview and Level Annotations

Branches:
Dungeon (5/15)
 Temple: D:4-7

Altars:


Message History

No target in view!
No target in view!
You see here a +0 whip.
You now have 25 gold pieces (gained 13).
Found a stone staircase leading down.
A ball python comes into view.
Found 9 gold pieces.
A ball python is nearby!
The helpless ball python fails to defend itself.
You puncture the ball python!
You kill the ball python!
You now have 34 gold pieces (gained 9).
A kobold comes into view. It is wielding a +0 dagger.
A kobold is nearby!
The kobold shouts!
The kobold throws a stone.
The stone hits you. The kobold closely misses you.
You hit the kobold but do no damage. The kobold misses you.
You hit the kobold but do no damage. The kobold barely misses you.
You barely miss the kobold. The kobold hits you with a +0 dagger.
You hit the kobold.
You kill the kobold!
Things that are here:
a +0 dagger; 2 stones HP restored.
Found 6 stones.
You start waiting.
A goblin comes into view. It is wielding a +0 club.
A goblin is nearby!
A scorpion comes into view.
The goblin shouts!
Unknown command.
As you read the scroll of fear, it crumbles to dust.
You assume a fearsome visage.
The goblin looks frightened!
The scorpion looks frightened!
The goblin mumbles, "Of all the rotten luck!"
The goblin begs, "Why can't we all just get along?"
You are engulfed in blazing flames.
Ouch! That really hurt!
You die...

## #.............. .#
##...########## .# #§§§# # .#
#.§§# # .# #§§§# # .#
######...##### # .##########
##.☼○§.....☼○..### #
..........####..§○§.$$..§§○...###
.########..s....@☼§.$$$.§...#....
## #.##########...#### ##### #.#
#§☼§# # #.# #..☼# # ####.# #§§☼#
# #....# ####...# # #.####
#.##...# # ######.# #.##..######
# ....)..# #..........# #


You could see a scorpion (fleeing).

Vanquished Creatures
  A ball python (D:4)
  2 kobolds (D:4)
3 creatures vanquished.

Vanquished Creatures (others)
  A giant cockroach (D:4)
1 creature vanquished.

Grand Total: 4 creatures vanquished

Notes
Turn   | Place    | Note
-------+----------+-------------------------------------------
     0 | D:5      | bmb222 the Demonspawn Delver began the quest for the Orb.
     0 | D:5      | Reached XP level 1. HP: 18/18 MP: 1/1
    19 | D:5      | Noticed a sleepcap
   263 | D:4      | Noticed a scorpion
   289 | D:4      | Engulfed by a cloud of flame

Illustrated notes

Levels and vault maps discovered:
D:4:      layout_loops_ring, worldfamousw_hep_ancestral_shrine,
          lemuel_flame_loot_1, uniq_blork_the_orc
D:5:      layout_loops_ring, serial_shops, nicolae_shop_real_fake_doors

Action                     || total
---------------------------++-------
  Melee: Short sword       ||     6
  Evoke: Wand              ||     1
    Use: Scroll            ||     2
   Stab: Sleeping          ||     2
 Armour: Leather armour    ||     3
  Dodge: Dodged            ||     3

Table legend: (Time is in decaauts)
 A = Elapsed time spent in this place.
 B = Non-inter-level travel time spent in this place.
 C = Inter-level travel time spent in this place.
 D = Time resting spent in this place.
 E = Time spent auto-exploring this place.
 F = Levels seen in this place.
 G = Mean time per level.
                   A        B        C        D        E       F      G
               +--------+--------+--------+--------+--------+-----+--------+
         Total |    288 |    288 |      0 |     37 |    125 |   2 |  144.0 |
       Dungeon |    288 |    288 |      0 |     37 |    125 |   2 |  144.0 |
               +--------+--------+--------+--------+--------+-----+--------+

Top non-repeatable levels by time:
     D:4: 212 daAuts
     D:5: 76 daAuts
